 Dungeon Crawl Stone Soup version 0.20.0-15-g7f486f2 (webtiles) character file.

221 Monsterracer the Insei (level 5, -1/40 HPs)
             Began as a Draconian Transmuter on June 21, 2017.
             Slain by a centaur (2 damage)
             ... on level 5 of the Dungeon.
             The game lasted 00:07:58 (3147 turns).

Monsterracer the Insei (Draconian Transmuter)       Turns: 3147, Time: 00:07:59

Health: -1/40      AC:  7    Str: 12    XL:     5   Next: 65%
Magic:  1/7        EV: 12    Int: 14    God:
Gold:   184        SH:  0    Dex: 12    Spells: 2/8 levels left

rFire    . . .     SeeInvis .     - Unarmed
rCold    . . .     Gourm    .   (no shield)
rNeg     . . .     Faith    .   (armour unavailable)
rPois    +         Spirit   .   (helmet restricted)
rElec    .         Reflect  .   (no cloak)
rCorr    .         Harm     .   (no gloves)
MR       .....                  (no boots)
Stlth    +.........             (no amulet)
Regen    0.2/turn               f - +2 ring of protection
MPRegen  0.1/turn               (no ring)

@: very slightly contaminated
A: unfitting armour, blurry vision 1, low mp 1, poison resistance, wild magic 1,
cold-blooded, AC +5
a: no special abilities


You were on level 5 of the Dungeon.
You were not hungry.

You visited 1 branch of the dungeon, and saw 5 of its levels.

You collected 184 gold pieces.

Inventory:

Missiles
 a - 24 arrows
Jewellery
 f - a +2 ring of protection (left hand)
Wands
 n - a wand of acid (15/15)
Scrolls
 d - 2 scrolls of enchant armour
 e - a scroll of blinking
 i - 2 scrolls of recharging
 j - 8 scrolls of identify
 k - 2 scrolls of teleportation
 l - 3 scrolls of remove curse
Potions
 o - a potion of flight
 s - a potion of invisibility {unknown}
 t - a potion of haste
Books
 b - a book of Changes

   Spells                             Type                      Level
   a - Beastly Appendage              Transmutation                1
   b - Sticks to Snakes               Transmutation                2
   c - Spider Form                    Transmutation/Poison         3
   d - Ice Form                       Ice/Transmutation            4
   e - Blade Hands                    Transmutation                5
Comestibles
 c - 2 bread rations
 h - 4 fruits
 m - a meat ration
 r - a royal jelly


   Skills:
 - Level 1.1 Fighting
 - Level 1.7 Dodging
 * Level 5.4 Unarmed Combat
 - Level 2.0 Spellcasting
 * Level 3.9 Transmutations


You had 2 spell levels left.
You knew the following spells:

 Your Spells              Type           Power        Failure   Level  Hunger
a - Beastly Appendage     Tmut           ###...       8%          1    ##.....
b - Sticks to Snakes      Tmut           ###.....     11%         2    ###....
c - Spider Form           Tmut/Pois      #.........   41%         3    ####...


Dungeon Overview and Level Annotations

Branches:
Dungeon (5/15)
 Temple: D:4-7

Altars:
Uskayaw
Zin


Innate Abilities, Weirdness & Mutations

Your plain brown scales are hard. (AC +5)
You cannot fit into any form of body armour.
You are cold-blooded and may be slowed by cold attacks.
Scrolls take you a little longer to read.
Your magical capacity is low. (-10% MP)
Your system is resistant to poisons. (rPois)
Your spells are a little harder to cast, but a little more powerful.


Message History

* * * LOW HITPOINT WARNING * * *
Your ball python bites the centaur.
Damage: -2%(-1hp) hp: 13%(5hp)
You closely miss the centaur.
The centaur is lightly wounded.
The centaur barely misses you. The centaur hits you.
* * * LOW HITPOINT WARNING * * *
Your ball python bites the centaur but does no damage.
Damage: -3%(-1hp) hp: 10%(4hp)
You hit the centaur.
The centaur is moderately wounded.
The centaur closely misses you.
Your ball python closely misses the centaur.
You hit the centaur.
The centaur is heavily wounded.
The centaur hits you.
* * * LOW HITPOINT WARNING * * *
Your ball python bites the centaur but does no damage.
The centaur hits you.
You die...

.###............
.......(##...#
........(....#
.........(..S...#
.....##...(.(.##....
..... ####....# ..
..... #(####
#...#####.###
.##.......Sc@#
.............#
..............#
..............#
..............#
..............#
..............+
#.............#
#.............#


You could see a centaur and a friendly ball python.

Vanquished Creatures
  An orc wizard (D:3)
  2 worker ants (D:4)
  6 adders
  3 worms
  A dart slug (D:1)
  3 leopard geckos
  8 orcs
  4 giant cockroaches
  5 goblins
  4 hobgoblins
  8 jackals
  A quokka (D:3)
  5 bats
  6 frilled lizards
  5 kobolds
  7 rats
69 creatures vanquished.

Vanquished Creatures (collateral kills)
  An adder (D:2)
  A worm (D:2)
2 creatures vanquished.

Grand Total: 71 creatures vanquished

Notes
Turn   | Place    | Note
-------+----------+-------------------------------------------
     0 | D:1      | Monsterracer the Draconian Transmuter began the quest for the Orb.
     0 | D:1      | Reached XP level 1. HP: 16/16 MP: 3/3
   168 | D:1      | Reached XP level 2. HP: 22/23 MP: 5/5
   178 | D:1      | Learned a level 2 spell: Sticks to Snakes
   611 | D:2      | Reached XP level 3. HP: 25/28 MP: 6/6
  1187 | D:2      | Reached skill level 4 in Unarmed Combat
  1272 | D:2      | Gained mutation: Your spells are a little harder to cast, but a little more powerful. [potion of mutation]
  1272 | D:2      | Gained mutation: Your magical capacity is low. (-10% MP) [potion of mutation]
  1272 | D:2      | Gained mutation: Scrolls take you a little longer to read. [potion of mutation]
  1272 | D:2      | Gained mutation: Your system is resistant to poisons. (rPois) [potion of mutation]
  1390 | D:2      | Learned a level 3 spell: Spider Form
  1519 | D:3      | Reached XP level 4. HP: 28/35 MP: 6/6
  1991 | D:3      | Reached XP level 5. HP: 20/40 MP: 3/7
  2069 | D:3      | Reached skill level 5 in Unarmed Combat
  2271 | D:3      | Found a hide-covered altar of Uskayaw.
  2274 | D:3      | Found a glowing silver altar of Zin.
  3099 | D:5      | Entered Level 5 of the Dungeon
  3125 | D:5      | Noticed a centaur
  3147 | D:5      | HP: 1/40 [centaur (3)]
  3147 | D:5      | Slain by a centaur

Skill      XL: |  1  2  3  4  5 |
---------------+----------------+-----
Unarmed Combat | 4 5 |  5.4
Transmutations | 3 |  3.9
Fighting       | |  1.1
Dodging        | |  1.7
Spellcasting   | |  2.0

Action                   |  1- 3 |  4- 6 || total
-------------------------+-------+-------++-------
Melee: Unarmed           |   162 |   144 ||   306
       Tailslap          |    16 |    13 ||    29
       Kick              |     9 |     3 ||    12
       Headbutt          |     7 |     5 ||    12
       Punch             |     3 |     1 ||     4
 Cast: Beastly Appendage |    19 |    13 ||    32
       Sticks to Snakes  |     4 |     3 ||     7
       Spider Form       |       |     3 ||     3
  Use: Potion            |     6 |     3 ||     9
       Scroll            |       |     8 ||     8
 Stab: Sleeping          |       |     3 ||     3
  Eat: Chunk             |     3 |     6 ||     9
Armor: Skin              |    53 |    36 ||    89
Dodge: Dodged            |   114 |    81 ||   195
